 Dungeon Crawl Stone Soup version 0.21.1-1-g345015fe64 (webtiles) character file.

14003 Htamos the Cleaver (level 12, 0/92 HPs)
             Began as a Formicid Fighter on July 1, 2018.
             Was a Priest of Trog.
             Slain by a spiny frog (5 damage)
             ... on level 1 of the Lair of Beasts.
             The game lasted 00:55:35 (14070 turns).

Htamos the Cleaver (Formicid Fighter)              Turns: 14070, Time: 00:55:36

Health: 0/92       AC: 16    Str: 23    XL:     12   Next: 39%
Magic:  0/12       EV:  9    Int: 10    God:    Trog [***...]
Gold:   165        SH: 13    Dex: 11    Spells: 11/11 levels left

rFire    . . .     SeeInvis +   y - +4 war axe
rCold    . . .     Gourm    .   c - +1 shield
rNeg     . . .     Faith    .   o - +2 plate armour
rPois    .         Spirit   +   (helmet unavailable)
rElec    .         Reflect  .   i - scarf {Spirit}
rCorr    .         Harm     .   (no gloves)
MR       +++..                  (no boots)
Stlth    ..........             I - amulet of guardian spirit
HPRegen  1.25/turn              l - +1 ring of evasion
MPRegen  0.13/turn              J - +1 ring of evasion

@: regenerating
A: permanent stasis, dig shafts and tunnels, four strong arms, antennae 3
a: Dig, Shaft Self, Trog's Hand, Burn Spellbooks, Renounce Religion


You were on level 1 of the Lair of Beasts.
You worshipped Trog.
Trog was most pleased with you.
You were hungry.

You visited 3 branches of the dungeon, and saw 13 of its levels.

You collected 747 gold pieces.
You spent 582 gold pieces at shops.

Inventory:

Hand Weapons
 a - a +0 war axe
 n - a +0 flail of protection
 u - a +2 mace of venom
 y - a +4 war axe (weapon)
Armour
 c - a +1 shield (worn)
 i - a scarf of spirit shield (worn)
 o - a +2 plate armour (worn)
 E - a +2 cloak
Jewellery
 b - an uncursed ring of magical power
 l - a +1 ring of evasion (left hand)
 q - an uncursed ring of ice
 C - an uncursed ring of positive energy
 F - an uncursed ring of stealth
 I - an amulet of guardian spirit (around neck)
 J - a +1 ring of evasion (right hand)
Wands
 g - a wand of acid (3)
 r - a wand of digging (32)
 t - a wand of polymorph (5)
 G - a wand of paralysis (15)
 L - a wand of enslavement (10)
Scrolls
 d - 3 scrolls of magic mapping
 e - 7 scrolls of remove curse
 j - 7 scrolls of teleportation
 p - 3 scrolls of amnesia
 z - 5 scrolls of fear
 A - 2 scrolls of noise
 K - a scroll of torment {unknown}
 N - 2 scrolls of identify
Potions
 h - a potion of ambrosia
 k - a potion of brilliance
 m - 2 potions of degeneration
 v - 3 potions of haste
 w - a potion of resistance
 B - a potion of berserk rage
 D - 2 potions of cancellation
 H - a potion of mutation
 M - 2 potions of curing
 O - 2 potions of invisibility
 P - a potion of lignification
Comestibles
 f - 25 rations


   Skills:
 + Level 8.1 Fighting
 * Level 13.9 Axes
 - Level 0.1(9.2) Maces & Flails
 + Level 9.3 Armour
 + Level 1.2 Dodging
 + Level 1.1 Stealth
 + Level 9.7 Shields


You had 11 spell levels left.
You didn't know any spells.

Dungeon Overview and Level Annotations

Branches:
Dungeon (10/15)            Temple (1/1) D:7            Lair (2/6) D:8
    Orc (0/2) D:10
  Swamp: Lair:2-4    Shoals: Lair:2-4     Snake: Lair:2-4    Spider: Lair:2-4

Altars:
Ashenzari
Cheibriados
Dithmenos
Elyvilon
Fedhas
Gozag
Hepliaklqana
Kikubaaqudgha
Makhleb
Nemelex Xobeh
Okawaru
Qazlal
Ru
Sif Muna
Trog
Uskayaw
Vehumet
Wu Jian
Xom
Yredelemnul
Zin
The Shining One

Shops:
D:9 =   D:10 ?


Innate Abilities, Weirdness & Mutations

You cannot be hasted, slowed, berserked, paralysed or teleported.
You can dig through walls and to a lower floor.
Your four strong arms can wield two-handed weapons with a shield.
You have a pair of large antennae on your head. (SInv)


Message History

The bolt of electricity hits you!
* * * LOW HITPOINT WARNING * * *
You block the porcupine's attack. You block the porcupine's attack.
There is a stone staircase leading up here.
The spiny frog stings you but does no damage.
The electric eel shoots out a bolt of lightning at you!
The bolt of electricity hits you!
* * * LOW HITPOINT WARNING * * *
You block the porcupine's attack. The spiny frog completely misses you.
You climb upwards.
There is a stone staircase leading down here.
Your skin crawls.
You feel resistant to hostile enchantments.
You are feeling hungry.
The porcupine bites you!
* * * LOW HITPOINT WARNING * * *
The spiny frog stings you but does no damage.
The spiny frog stings you.
You die...

PP##..................###.......#
###.#....####..##P#####.#...♣...#
# ###....# #...### ##.........
######...# ###P.# ##.♣...♣.#
.#...P...###.##.## #.......#
.##....####......## #####...♣...#
.#...######...)...# #..##.......#
....#####.#......## ###.....#....
.....'..........@####.....#..##..
......#####....Fr#..'.♣..##...#..
P.....# #....>.#..#..###>......
......# ##........###+#.......#.
.....#####.......P#.##...#.....##
...#.###.........############.##.
#..###.........### #..### .#.#
##........# ##.# # ...##
##......## ####.# #


You could see a spiny frog and a porcupine.

Vanquished Creatures
  Erolcha (D:9)
  2 hydras (Lair:1)
  Erica (D:8)
  A spiny frog (Lair:1)
  Psyche (D:9)
  3 komodo dragons
  A hornet (D:9)
  Grinder (D:3)
  3 blink frogs (Lair:2)
  3 hippogriffs
  12 yaks
  A vampire (D:9)
  A wyvern (Lair:1)
  2 soldier ants (D:9)
  2 water moccasins (Lair:1)
  2 hell hounds (D:8)
  3 orc warriors
  3 ice beasts
  A porcupine (Lair:1)
  3 sky beasts
  A black bear (D:10)
  5 ogres
  9 centaurs
  6 phantoms
  A big kobold (D:7)
  7 bullfrogs
  2 gnoll sergeants (D:9)
  2 scorpions
  A wyvern skeleton (D:10)
  6 killer bees (D:7)
  2 electric eels (D:7)
  4 wights (D:10)
  3 crimson imps
  A howler monkey (D:7)
  2 bullfrog zombies
  5 hounds
  A centaur zombie (D:6)
  A jelly (D:8)
  5 orc wizards
  A quasit (D:7)
  5 bullfrog skeletons
  Crazy Yiuf (D:6)
  7 orc priests
  Jessica (D:3)
  A centaur skeleton (D:10)
  5 iguanas
  Natasha (thrice) (D:3)
  10 worker ants
  A hound zombie (D:5)
  3 hound skeletons
  A howler monkey zombie (D:5)
  A worker ant zombie (D:8)
  9 adders
  14 gnolls
  A howler monkey skeleton (D:4)
  A shadow imp (D:5)
  2 adder zombies
  An adder skeleton (D:4)
  A worm (D:6)
  2 dart slugs (D:1)
  6 leopard geckos
  36 orcs
  6 bats
  3 giant cockroaches
  11 goblins
  5 hobgoblins
  8 kobolds
  7 quokkas
  4 frilled lizards
  A jackal skeleton (D:9)
  5 rats
  A plant (D:7)
275 creatures vanquished.

Vanquished Creatures (others)
  A bush (Lair:2)
  4 fungi
5 creatures vanquished.

Grand Total: 280 creatures vanquished

Notes
Turn   | Place    | Note
-------+----------+-------------------------------------------
     0 | D:1      | Htamos the Formicid Fighter began the quest for the Orb.
     0 | D:1      | Reached XP level 1. HP: 18/18 MP: 1/1
    67 | D:1      | Reached XP level 2. HP: 24/24 MP: 2/2
   151 | D:1      | Reached XP level 3. HP: 26/30 MP: 3/3
   964 | D:2      | Found a burning altar of Makhleb.
  1259 | D:3      | Reached XP level 4. HP: 37/37 MP: 4/4
  1274 | D:3      | Noticed Natasha
  1275 | D:3      | Noticed Jessica
  1289 | D:3      | Killed Natasha
  1297 | D:3      | Reached skill level 3 in Axes
  1313 | D:3      | Killed Jessica
  1313 | D:3      | Reached XP level 5. HP: 41/43 MP: 5/5
  1373 | D:3      | Noticed Natasha
  1385 | D:3      | Killed Natasha
  1696 | D:3      | Noticed Grinder
  1728 | D:3      | Killed Grinder
  1728 | D:3      | Reached skill level 4 in Axes
  1728 | D:3      | Reached XP level 6. HP: 14/50 MP: 2/6
  2000 | D:3      | Reached skill level 5 in Shields
  2000 | D:3      | Reached XP level 7. HP: 48/55 MP: 7/7
  2403 | D:3      | Noticed Natasha
  2415 | D:3      | Killed Natasha
  2415 | D:3      | Reached skill level 5 in Axes
  2487 | D:4      | Reached skill level 5 in Fighting
  2917 | D:4      | Reached skill level 6 in Axes
  2995 | D:4      | Found a sand-covered staircase.
  3064 | D:4      | You fall through a shaft for 2 floors!
  3119 | D:6      | Reached XP level 8. HP: 57/62 MP: 5/8
  3168 | D:5      | Entered Level 5 of the Dungeon
  3421 | D:4      | Reached skill level 1 in Dodging
  4012 | D:4      | Reached skill level 7 in Axes
  4255 | D:5      | Reached skill level 5 in Armour
  4527 | D:5      | Found a shimmering altar of Xom.
  4668 | D:5      | Reached skill level 8 in Axes
  4668 | D:5      | Reached XP level 9. HP: 68/68 MP: 9/9
  5438 | D:6      | Found a runed door.
  5442 | D:6      | Noticed Crazy Yiuf
  5454 | D:6      | Killed Crazy Yiuf
  5653 | D:6      | Found a shimmering altar of Xom.
  5653 | D:6      | Found a stormy altar of Qazlal.
  5680 | D:6      | Found a faded altar of an unknown god.
  5682 | D:6      | Found an iron altar of Okawaru.
  5683 | D:6      | Found a white marble altar of Elyvilon.
  6086 | D:7      | Noticed a hippogriff
  6103 | D:6      | Killed a hippogriff
  6229 | D:7      | Found a staircase to the Ecumenical Temple.
  6247 | Temple   | Entered the Ecumenical Temple
  6333 | Temple   | Became a worshipper of Trog the Wrathful
  6669 | D:7      | Reached skill level 9 in Axes
  7141 | D:7      | Reached XP level 10. HP: 53/76 MP: 10/10
  7563 | D:7      | Found a hazy altar of Hepliaklqana.
  8238 | D:7      | Reached * piety under Trog
  8274 | D:8      | Reached skill level 10 in Axes
  8351 | D:8      | Found a staircase to the Lair.
  8514 | D:8      | Noticed Erica
  8537 | D:8      | Killed Erica
  8537 | D:8      | Reached skill level 1 in Stealth
  8561 | D:8      | HP: 3/77 [poisoned by Erica (bolt of poison)]
  8568 | D:8      | HP: 3/77 [poisoned by Erica (bolt of poison)]
  8576 | D:8      | HP: 2/77 [poisoned by Erica (bolt of poison)]
  9262 | D:9      | Reached skill level 11 in Axes
  9275 | D:9      | Noticed Erolcha
  9493 | D:9      | Reached ** piety under Trog
  9524 | D:9      | Found Tavaxug's Jewellery Boutique.
  9532 | D:9      | Bought a cursed amulet of guardian spirit for 270 gold pieces
  9604 | D:9      | Reached XP level 11. HP: 66/83 MP: 9/11
  9817 | D:9      | Noticed Psyche
  9828 | D:9      | Killed Psyche
  9828 | D:9      | Reached skill level 12 in Axes
 10322 | D:9      | Killed Erolcha
 11031 | D:10     | Entered Level 10 of the Dungeon
 11032 | D:10     | Found Hiutef's Magic Scroll Emporium.
 11110 | D:9      | Reached skill level 13 in Axes
 11368 | D:10     | Found a staircase to the Orcish Mines.
 11379 | D:10     | Reached *** piety under Trog
 11821 | D:10     | Bought a scroll of identify for 28 gold pieces
 11821 | D:10     | Bought a scroll of identify for 28 gold pieces
 11821 | D:10     | Bought a scroll of identify for 28 gold pieces
 11821 | D:10     | Bought a scroll of identify for 28 gold pieces
 12300 | D:9      | Bought an uncursed ring of positive energy for 200 gold pieces
 12370 | Lair:1   | Entered Level 1 of the Lair of Beasts
 12526 | Lair:1   | Paralysed by fainting for 9 turns
 12683 | Lair:1   | Noticed an eight-headed hydra
 12706 | Lair:1   | Killed an eight-headed hydra
 12706 | Lair:1   | Reached XP level 12. HP: 15/92 MP: 1/12
 13048 | Lair:1   | Noticed an eight-headed hydra
 13425 | Lair:1   | Killed an eight-headed hydra
 14068 | Lair:1   | HP: 2/92 [porcupine (8)]
 14070 | Lair:1   | Slain by a spiny frog

Skill      XL: |  1  2  3  4  5  6  7  8  9 10 11 12 |
---------------+-------------------------------------+-----
Shields        | 4 5 6 7 8 9 |  9.7
Fighting       | 4 5 6 7 8 |  8.1
Axes           | 3 4 6 8 9 11 13 | 13.9
Armour         | 4 5 6 7 8 9 |  9.3
Dodging        | 1 |  1.2
Stealth        | 1 |  1.1
Maces & Flails | |  0.1

Action                   |  1- 3 |  4- 6 |  7- 9 | 10-12 || total
-------------------------+-------+-------+-------+-------++-------
Melee: War axe           |    89 |   105 |   281 |   656 ||  1131
       Mace              |       |       |   116 |    17 ||   133
Invok: Burn Spellbooks   |       |       |     1 |       ||     1
       Trog's Hand       |       |       |       |     2 ||     2
Evoke: Wand              |       |       |     1 |    11 ||    12
  Use: Scroll            |     4 |     2 |     2 |    19 ||    27
       Potion            |       |       |     1 |     4 ||     5
  Eat: Chunk             |       |     3 |    11 |     9 ||    23
       Ration            |       |       |     2 |     4 ||     6
Armor: Scale mail        |     9 |       |       |       ||     9
       Ring mail         |    29 |    16 |       |       ||    45
       Chain mail        |       |     6 |    25 |       ||    31
       Plate armour      |       |       |   149 |   231 ||   380
       Skin              |       |       |       |     8 ||     8
Dodge: Dodged            |    23 |    22 |    88 |   150 ||   283
Block: Shield            |    49 |    73 |   220 |   344 ||   686
